 Dungeon Crawl Stone Soup version 0.29-a0-43-g62a80824bf (webtiles) character file.

Game seed: 258620664421265449

15 belegose the Skirmisher (level 2, -1/24 HPs)
             Began as a Demonspawn Cinder Acolyte on Feb 2, 2022.
             Was a High Priest of Ignis.
             Slain by a kobold (3 damage)
             ... on level 1 of the Dungeon.
             The game lasted 00:02:19 (1594 turns).

belegose the Skirmisher (Demonspawn Cinder Acolyte) Turns: 1594, Time: 00:02:20

Health: -1/24      AC:  2    Str: 14    XL:     2   Next: 34%
Magic:  3/3        EV: 11    Int: 15    God:    Ignis [*****.]
Gold:   37         SH:  0    Dex:  8    Spells: 3/3 levels left

rFire   + . .      SeeInvis .   a - -1 mace (flame)
rCold   . . .      Faith    .   (no shield)
rNeg    . . .      Spirit   .   b - +0 robe
rPois   .          Reflect  .   (no helmet)
rElec   .          Harm     .   (no cloak)
rCorr   .          Rampage  .   (no gloves)
Will    .....                   (no boots)
Stlth   +.........              (no amulet)
HPRegen 0.08/turn               (no ring)
MPRegen 0.08/turn               (no ring)

@: no status effects
A: demonic guardian 1
a: Renounce Religion, Fiery Armour, Foxfire Swarm, Rising Flame


You were on level 1 of the Dungeon.
You worshipped Ignis.
Ignis was extremely pleased with you.
You visited 1 branch of the dungeon, and saw 2 of its levels.

You collected 57 gold pieces.
You spent 20 gold pieces at shops.

Inventory:

Hand Weapons
 a - a -1 mace of flaming (weapon)
Missiles
 c - 23 sling bullets
 e - 34 stones (quivered)
Armour
 b - a +0 robe (worn)
Jewellery
 g - a ring of resist corrosion
Scrolls
 h - a scroll of enchant weapon {unknown}
Potions
 d - a potion of curing
 f - a potion of mutation


   Skills:
 + Level 3.2 Fighting
 + Level 3.0 Maces & Flails
 + Level 0.8 Dodging
 - Level 1.0 Spellcasting
 - Level 2.6 Fire Magic


You had 3 spell levels left.
You didn't know any spells.
Your spell library contained the following spells:

 Spells                   Type           Power      Damage    Failure   Level
 Scorch                   Fire           16%        2d6       12%         2


Dungeon Overview and Level Annotations

Branches:
Dungeon (2/15)

Altars:

Shops:
D:1 ?


Innate Abilities, Weirdness & Mutations

A weak demonic guardian rushes to your aid.


Message History

The kobold completely misses you.
You closely miss the kobold.
The kobold is severely wounded.
The kobold hits you with a +0 dagger.
You barely miss the kobold.
The kobold is moderately wounded.
The kobold hits you with a +0 dagger. The kobold hits you but does no damage.
You closely miss the kobold.
The kobold is moderately wounded.
The kobold hits you with a +0 dagger.
* * * LOW HITPOINT WARNING * * *
An endoplasm comes into view.
You closely miss the kobold.
The kobold is moderately wounded.
The kobold barely misses you.
You hit the kobold but do no damage.
The kobold is moderately wounded.
The kobold hits you with a +0 dagger.
* * * LOW HITPOINT WARNING * * *
There is a stone staircase leading up here.
The kobold hits you but does no damage.
You climb upwards.
There is a stone staircase leading down here.
The kobold hits you with a +0 dagger.
* * * LOW HITPOINT WARNING * * *
You hit the kobold but do no damage. The kobold hits you but does no damage.
You hit the kobold. You burn the kobold.
The kobold is severely wounded.
The kobold hits you with a +0 dagger.
* * * LOW HITPOINT WARNING * * *
A demonic guardian appears!
You barely miss the kobold.
The kobold is severely wounded.
The kobold hits you with a +0 dagger.
* * * LOW HITPOINT WARNING * * *
Your iron imp barely misses the kobold.
You barely miss the kobold.
The kobold is severely wounded.
The kobold closely misses you. The kobold hits you with a +0 dagger.
You die...

###..###### #.......#
#.####### ####.####
########## #.......#
#........# #.##.##.#
#.######.###.##.##.#
#.##.........##.##.#####
#.##)###.##..##.@K.....#
#.##.#
#.##..#...#5###.#########
#.##.###.##........#
#.........#
#........###....>..#
#..######.# ####.#####
####.######..# #.#
.....†...# #.# #...####
#.## .#...###.# #.#
#.#....# #.#. .##.## #.#
##'## #...##.# #.#.
.##.####.# ##...##
###.##.###.#.


You could see a kobold (ally target) and a friendly iron imp (summoned).

Vanquished Creatures
  2 dart slugs (D:1)
  An endoplasm (D:2)
  A goblin (D:2)
  A hobgoblin (D:1)
  A quokka (D:1)
  2 bats (D:1)
  3 kobolds
  A rat (D:1)
12 creatures vanquished.

Notes
Turn   | Place    | Note
-------+----------+-------------------------------------------
     0 | D:1      | belegose the Demonspawn Cinder Acolyte began the quest for
                  | the Orb.
     0 | D:1      | Reached XP level 1. HP: 18/18 MP: 2/2
   793 | D:1      | Found Biacanid's Magic Scroll Shop.
   796 | D:1      | Bought a scroll of identify for 20 gold pieces
   813 | D:1      | Gained mutation: A weak demonic guardian rushes to your
                  | aid. [demonic ancestry]
   813 | D:1      | Reached XP level 2. HP: 17/24 MP: 3/3
  1594 | D:1      | Slain by a kobold

Illustrated notes

Levels and vault maps discovered:
D:1:      minmay_arrival_hallway, layout_loops_corners, serial_shops,
          shop_statue, grunt_decor_resistance
D:2:      kennysheep_the_goblin_king, layout_basic,
          dreamdust_ecumenical_altar_grove, uniq_sigmund, uniq_robin

Skill      XL: |  1  2 |
---------------+-------+-----
Maces & Flails | 3 |  3.0
Fighting       | |  3.2
Dodging        | |  0.8
Spellcasting   | |  1.0
Fire Magic     | |  2.6

Action                   || total
-------------------------++-------
Melee: Mace              ||    61
  Use: Scroll            ||     2
Armor: Robe              ||    11
Dodge: Dodged            ||    29

Table legend: (Time is in decaauts)
 A = Elapsed time spent in this place.
 B = Non-inter-level travel time spent in this place.
 C = Inter-level travel time spent in this place.
 D = Time resting spent in this place.
 E = Time spent auto-exploring this place.
 F = Levels seen in this place.
 G = Mean time per level.
                   A        B        C        D        E       F      G
               +--------+--------+--------+--------+--------+-----+--------+
         Total |   1610 |   1490 |    120 |      0 |   1319 |   2 |  805.0 |
       Dungeon |   1610 |   1490 |    120 |      0 |   1319 |   2 |  805.0 |
               +--------+--------+--------+--------+--------+-----+--------+

Top non-repeatable levels by time:
     D:1: 1578 daAuts
     D:2: 32 daAuts
